 Dungeon Sprint DCSS version 0.30-a0-777-ga9a30cbeda (webtiles) character file.

Game seed: 12608605930955738692

21 sircluck the Trooper (level 2, 0/28 HPs)
             Began as a Hill Orc Fighter on Feb 13, 2023.
             Slain by an iron imp (8 damage)
             ... in the Dungeon (Sprint VII: "The Pits").
             The game lasted 00:00:58 (182 turns).

sircluck the Trooper (Hill Orc Fighter)              Turns: 182, Time: 00:00:59

Health: 0/28       AC:  7    Str: 18    XL:     2   Next: 87%
Magic:  2/2        EV:  9    Int:  8    God:
Gold:   0          SH:  4    Dex: 10    Spells: 1/1 levels left

rFire   . . .      SeeInvis .    a - +0 war axe
rCold   . . .      Faith    .    c - +0 buckler
rNeg    . . .      Spirit   .    b - +0 scale mail
rPois   .          Reflect  .    (no helmet)
rElec   .          Harm     .    (no cloak)
rCorr   .          Rampage  .    (no gloves)
Will    .....      NoTele   +    (no boots) Stlth
                                 (no amulet)
HPRegen 0.24/turn                (no ring)
MPRegen 0.08/turn                (no ring)

@: no status effects
A: no striking features
a: no special abilities


You were in the Dungeon.
You visited 1 branch

Inventory:

Hand Weapons
 a - a +0 war axe (weapon)
 k - a +2 hand axe
Missiles
 o - 10 stones (quivered)
Armour
 b - a +0 scale mail (worn)
 c - a +0 buckler (worn)
Scrolls
 j - a scroll of blinking
 m - 5 scrolls of amnesia
 n - a scroll of butterflies
Potions
 d - a potion of might
 e - a potion of curing
 f - a potion of heal wounds
 g - a potion of haste
 h - 4 potions of magic
 i - 3 potions of berserk rage
 l - 2 potions of invisibility


   Skills:
 + Level 4.8 Fighting
 + Level 3.9 Axes
 + Level 4.5 Armour
 + Level 1.1 Dodging
 + Level 4.3 Shields


You had one spell level left.
You didn't know any spells.
Your spell library was empty.

Dungeon Overview and Level Annotations

Branches:
Dungeon (1/1)

Altars:


Message History

You are too injured to fight recklessly!
You are too injured to fight recklessly!
You are too injured to fight recklessly!
You are too injured to fight recklessly!
You are too injured to fight recklessly!
You are too injured to fight recklessly!
You are too injured to fight recklessly!
You are too injured to fight recklessly!
You hit the jackal.
You kill the jackal!
You closely miss the ufetubus. You hit the iron imp.
The ufetubus barely misses you. x3
The ufetubus hits you but does no damage.
You barely miss the adder zombie. You hit the iron imp. You hit the ufetubus.
The ufetubus hits you but does no damage.
You block the ufetubus's attack. The adder zombie barely misses you.
The iron imp closely misses you. The ufetubus closely misses you.
The ufetubus barely misses you.
The adder zombie bites you but does no damage.
You closely miss the adder zombie. You hit the iron imp. You hit the ufetubus.
You kill the ufetubus!
The adder zombie bites you. The iron imp closely misses you.
Your Dodging skill increases to level 1!
You closely miss the adder zombie. You closely miss the iron imp.
The adder zombie bites you but does no damage.
The iron imp hits you!
* * * LOW HITPOINT WARNING * * *
The adder zombie bites you but does no damage.
You barely miss the adder zombie. You hit the iron imp but do no damage.
You block the iron imp's attack. The adder zombie closely misses you.
You hit the adder zombie.
The adder zombie is lightly damaged.
You barely miss the iron imp.
The adder zombie bites you but does no damage.
You block the iron imp's attack.
You barely miss the adder zombie.
The adder zombie is lightly damaged.
You hit the iron imp. You block the adder zombie's attack.
The iron imp hits you!
You die...

#.?..')))'.##......#..#.
##########.##...........
#..........)'...........
#+#####'#####......#..#.
#.....##...........
#####)#####'#####++
#.....##.......#
#.....##.......#
###@####.......#
#.5Z..##...<...#
........##.......#
#........##.......#
###########.......#
#########


You could see an iron imp and an adder zombie.

Vanquished Creatures
  2 ufetubi (D)
  An orc (D)
  A bat skeleton (D)
  A giant cockroach (D)
  A goblin (D)
  3 jackals (D)
9 creatures vanquished.

Notes
Turn   | Place    | Note
-------+----------+-------------------------------------------
     0 | D        | sircluck the Hill Orc Fighter began the quest for the Orb.
     0 | D        | Reached XP level 1. HP: 19/19 MP: 1/1
   108 | D        | Reached XP level 2. HP: 13/28 MP: 2/2
   179 | D        | Reached skill level 1 in Dodging
   182 | D        | Slain by an iron imp

Illustrated notes

Levels and vault maps discovered:
D:        pitsprint [storerooms_1, entrance_room_1, metal_vault_4, armoury_2,
          mini_pit_1, grid_room_1, main_hall_1, silver_pit, the_coven_1,
          the_vestibule_1, steel_vault_4, golden_pit, hallway_of_sentries,
          crystal_vault_4, iron_vault_4, final_vault]

Skill      XL: |  1  2 |
---------------+-------+-----
Fighting       | 4 |  4.8
Axes           | 3 |  3.9
Armour         | 4 |  4.5
Shields        | 4 |  4.3
Dodging        | 1 |  1.1

Action                     || total
---------------------------++-------
  Melee: War axe           ||    51
 Armour: Scale mail        ||    43
  Dodge: Dodged            ||    61
  Block: Buckler           ||    24

Table legend: (Time is in decaauts)
 A = Elapsed time spent in this place.
 B = Non-inter-level travel time spent in this place.
 C = Inter-level travel time spent in this place.
 D = Time resting spent in this place.
 E = Time spent auto-exploring this place.
 F = Levels seen in this place.
 G = Mean time per level.
                   A        B        C        D        E       F      G
               +--------+--------+--------+--------+--------+-----+--------+
         Total |    201 |    192 |      9 |      0 |     56 |   1 |  201.0 |
       Dungeon |    201 |    192 |      9 |      0 |     56 |   1 |  201.0 |
               +--------+--------+--------+--------+--------+-----+--------+

Top non-repeatable levels by time:
       D: 201 daAuts
